[Event "Early-Titled-Tuesday-Blitz-October-17-2023"]
[Site "Chess.com"]
[Date "2023.10.17"]
[Round "1"]
[White "ozates"]
[Black "ChainedDowntohell"]
[Result "1-0"]
[WhiteElo "2750"]
[BlackElo "2450"]
[TimeControl "180+1"]
[EndTime "8:08:53 PDT"]
[Termination "ozates won by resignation"]

1. c4 Nf6 2. g3 c6 3. Nf3 d5 4. Qc2 d4 5. Bg2 c5 6. O-O Nc6 7. a3 e5 8. d3 Bd6 9. Nbd2 h6 10. e3 O-O 11. exd4 exd4 12. Re1 Bf5 13. Nh4 Bh7 14. Ne4 Nxe4 15. Bxe4 Bxe4 16. Rxe4 f5 17. Re6 Qd7 18. Re1 f4 19. Ng6 fxg3 20. fxg3 Rf6 21. Nf4 Raf8 22.
Qg2 Kh8 23. Bd2 Ne5 24. Re2 g5 25. Nd5 R6f7 26. Qe4 Qh3 27. Qg2 Qg4 28. Rxe5 Bxe5 29. Re1 Bg7 30. Ne7 Rf6 31. h3 Qd7 32. Nd5 Re6 33.
Rf1 Rxf1+ 34. Qxf1 Qe8 35. Qd1 Qf7 36. Qf1 Qxf1+ 37. Kxf1 Bf8 38. Kf2 Kg7 39. Kf3 Kg6 40. h4 Bd6 41. hxg5 hxg5 42. g4 Re8 43. b4 b6 44. b5 Re6 45. a4 Re8 46. a5 bxa5 47.
Bxa5 Rf8+ 48. Kg2 Re8 49. Kf3 Rf8+ 50. Kg2 Kf7 51. Bd2 Kg6 52. Bc1 Rh8 53. Ba3 Rh2+ 54.
Kf3 Ra2 55. Bc1 Ra1 56. Bd2 Ra3 57. Ke2 Ra2 58. Kd1 Ra1+ 59. Ke2 Rg1 60. Kf3 Rg3+ 61.
Kf2 Rxg4 62. Ba5 Rh4 63. Bd8 Rh2+ 64. Kf3 Rh3+ 65. Ke2 g4 66. Bc7 Bxc7 67. Nxc7 Kf5 68. Na6 Rh2+ 69. Kf1 Kf4 70. Nxc5 g3 71. Ne6+ Ke3 72.
c5 Rc2 73. c6 Kf3 74. Nxd4+ Ke3 75. Nxc2+ Kxd3 76. c7 Kxc2 77. c8=Q+ Kb3 78. Qa6 Kb4 79. Qxa7 Kxb5 80. Qg1 Kc4 81. Qxg3 1-0

[Event "Early-Titled-Tuesday-Blitz-October-17-2023"]
[Site "Chess.com"]
[Date "2023.10.17"]
[Round "1"]
[White "Andrei_Skvortsov"]
[Black "viktorgen2021"]
[Result "1/2-1/2"]
[WhiteElo "2654"]
[BlackElo "2392"]
[TimeControl "180+1"]
[EndTime "8:08:56 PDT"]
[Termination "Game drawn - insufficient material"]

1. e4 g6 2. g3 Bg7 3. Bg2 d6 4.
d4 Nf6 5. Ne2 O-O 6. h3 Nc6 7. d5 Nb8 8. O-O e5 9. dxe6 fxe6 10.
Nbc3 e5 11. Be3 Nc6 12. Qd2 Be6 13. b3 Qd7 14. Kh2 Rf7 15. Rad1 Raf8 16. f3 Nh5 17. g4 Nf4 18. Nxf4 exf4 19. Bf2 h5 20. Rh1 Ne5 21. gxh5 Bxh3 22. Bxh3 Nxf3+ 23. Kg2 Qxh3+ 24. Rxh3 Nxd2 25. hxg6 f3+ 26. Kh1 Rd7 27. Rh7 Rf6 28. Rxg7+ Rxg7 29.
Bd4 f2 30. Bxf6 Rxg6 31. Nd5 Kf7 32. Bd4 f1=Q+ 33. Rxf1+ Nxf1 34. Nxc7 Ng3+ 35. Kh2 Nxe4 36. Bxa7 Rh6+ 37. Kg2 Rg6+ 38. Kf3 Nf6 39. Nb5 Ke6 40. Be3 Nd5 41. Bd2 Rf6+ 42. Ke2 Rg6 43. Nd4+ Kd7 44.
c4 Ne7 45. Kd3 Rg3+ 46. Kc2 Nc6 47. Nb5 Rg2 48. Kc3 Ne5 49. Bf4 Rf2 50. Be3 Rf3 51. Kd2 Ng4 52. Bb6 Rh3 53. Kc2 Rh2+ 54. Kb1 Nf2 55.
Bd4 Nd3 56. a4 Nb4 57. Bc3 Nc6 58. Bb2 Ne7 59. Ka2 d5 60. cxd5 Nxd5 61. Ka3 Rh3 62. Bd4 Nf4 63. Be5 Ne2 64. Bd4 Nc1 65. Bc3 Kc6 66. Kb2 Nd3+ 67. Kc2 Nc5 68. Nd4+ Kd5 69.
Nb5 Ne4 70. Bb4 Rh2+ 71. Kd3 Rb2 72. Nc3+ Nxc3 73. Kxc3 Rb1 74. Kc2 Rh1 75. Kb2 Rh3 76. Ka3 Kc6 77. Bf8 Kb6 78. Bg7 Ka6 79. Be5 b5 80.
axb5+ Kxb5 81. Bd4 Rd3 82. Bf6 Rxb3+ 83. Kxb3 1/2-1/2

[Event "Early-Titled-Tuesday-Blitz-October-17-2023"]
[Site "Chess.com"]
[Date "2023.10.17"]
[Round "1"]
[White "dosto07"]
[Black "ssunu"]
[Result "1-0"]
[WhiteElo "2531"]
[BlackElo "1933"]
[TimeControl "180+1"]
[EndTime "8:08:57 PDT"]
[Termination "dosto07 won by resignation"]

1. e4 c5 2. Nf3 d6 3. Bb5+ Bd7 4.
Bxd7+ Nxd7 5. O-O Ngf6 6. Re1 Qc7 7. c3 e5 8. d4 cxd4 9. cxd4 Be7 10. Nc3 O-O 11. Bg5 Nb6 12. Rc1 Qd7 13. dxe5 dxe5 14. Nxe5 Qe6 15. Nf3 h6 16. Bh4 Rfd8 17. Qe2 Nc4 18.
e5 Nxe5 19. Qxe5 Qxe5 20. Nxe5 g5 21. Bg3 Bb4 22. Red1 Re8 23. Nd3 Ba5 24. h4 Bxc3 25. Rxc3 Re2 26. hxg5 hxg5 27. Rc7 Rd8 28. Rxb7 a5 29.
Rb8 Rxb8 30. Bxb8 Ng4 31. Kf1 Rc2 32. a4 Rc4 33. b3 Rc3 34. Nc1 Kh7 35. Ba7 Rc2 36. Bd4 Kg6 37. f3 Nh6 38. Nd3 Nf5 39. Bf2 f6 40. g4 Ne7 41. Re1 Nd5 42. Re2 Rc3 43. Nc5 Nf4 44. Re3 Rxc5 45. Re1 Rc3 46. Re3 Rc1+ 47. Re1 Rc2 48. Bb6 Nd3 49. Bxa5 Nxe1 50.
Kxe1 f5 51. gxf5+ Kxf5 52. Bd2 Rb2 53. b4 Ra2 54. a5 Ra3 55. Ke2 Ke5 56. b5 Kd5 57. b6 Kc6 58. Be1 Kb5 59. Bd2 Ka6 60.
Bxg5 Rxa5 61. Be3 Ra2+ 62. Kd3 Kb7 63. Ke4 Ra4+ 64. Ke5 Rb4 65. f4 Kc8 66. f5 Kd8 67.
f6 Ke8 68. Bc5 Rb5 69. Kd5 Kf7 70. Kc6 Rb3 71. b7 Kxf6 72. Bb6 Rc3+ 73. Kd5 Rd3+ 74.
Ke4 Rd6 75. b8=Q Re6+ 76. Kf4 Re7 77. Bd8 Kf7 78. Bxe7 Kxe7 79. Qb6 Kd7 80. Kf5 1-0

[Event "Early-Titled-Tuesday-Blitz-October-17-2023"]
[Site "Chess.com"]
[Date "2023.10.17"]
[Round "1"]
[White "falzehope0"]
[Black "Let_it_be_1"]
[Result "0-1"]
[WhiteElo "2329"]
[BlackElo "2631"]
[TimeControl "180+1"]
[EndTime "8:09:04 PDT"]
[Termination "Let_it_be_1 won by resignation"]

1. d4 d5 2. e3 Nf6 3. Bd3 e6 4. f4 c5 5. c3 Be7 6. Nf3 O-O 7. O-O b6 8. Qe2 a5 9. Nbd2 Ba6 10. Bxa6 Nxa6 11.
Ne5 Nb8 12. b3 a4 13. Rb1 axb3 14. axb3 Qc7 15. Bb2 Nc6 16. Rfc1 Qb7 17. Qb5 Rfc8 18. Ra1 Na5 19. h3 Ne8 20. Qe2 f6 21. Nef3 Nd6 22.
Kh1 c4 23. b4 Nb3 24. Nxb3 cxb3 25. Nd2 Ne4 26. Nxe4 dxe4 27. Qd1 Rxa1 28. Rxa1 Qd5 29. Ra3 Qc4 30. Qxb3 Qxb3 31. Rxb3 b5 32. Ra3 Rc7 33.
Ra6 Kf7 34. Kg1 Rb7 35. Kf1 Bd8 36. Ke2 Bb6 37. Kd2 e5 38. f5 g6 39. g4 gxf5 40. gxf5 Kg7 41. Ra8 Kh6 42. Rg8 Ra7 43. Kc2 Rg7 44. Rxg7 Kxg7 45. Kb3 exd4 46. cxd4 Kh6 47.
d5 Kg5 48. Bd4 Bd8 49. Bc5 Kxf5 50. Kc3 Ke5 51. d6 f5 52. Kd2 Ke6 53. Ke2 Bf6 54.
Kf2 Be5 55. d7 Kxd7 56. h4 h5 57. Kg2 Ke6 58. Kf2 Bd6 59. Bxd6 Kxd6 60. Kg3 Ke5 61. Kf2 f4 62. exf4+ Kxf4 63. Ke2 e3 64. Ke1 Ke4 65. Ke2 Kd4 66. Ke1 Kc4 67. Ke2 Kxb4 68. Kxe3 Kc3 69. Kf4 b4 70. Kg5 b3 71. Kxh5 b2 72. Kg6 b1=Q+ 73.
Kg7 Qb7+ 74. Kh6 Qc6+ 75. Kh7 Qd7+ 76. Kh6 Qe6+ 77. Kh5 Qf5+ 78. Kh6 Qf6+ 79. Kh5 Qh8+ 80. Kg6 Kd4 81. h5 Ke5 82. h6 Ke6 83. h7 Ke7 84.
Kh6 Kf6 85. Kh5 Qxh7+ 86. Kg4 Qf5+ 87. Kg3 Qe4 88. Kf2 Kf5 89. Kg3 Qe3+ 90. Kg2 Kf4 91. Kf1 Qd2 92. Kg1 Kg3 0-1

[Event "Early-Titled-Tuesday-Blitz-October-17-2023"]
[Site "Chess.com"]
[Date "2023.10.17"]
[Round "1"]
[White "IamSchrodingersCat"]
[Black "kirillshevchenko"]
[Result "1/2-1/2"]
[WhiteElo "2521"]
[BlackElo "2925"]
[TimeControl "180+1"]
[EndTime "8:09:08 PDT"]
[Termination "Game drawn by repetition"]

1. e4 e5 2. Nf3 Nc6 3. Bb5 Nge7 4.
Nc3 a6 5. Ba4 d6 6. O-O h6 7. a3 Bd7 8. d4 Ng6 9. d5 Nb8 10.
Bxd7+ Nxd7 11. Ne2 Be7 12. Ng3 Nh4 13. Nxh4 Bxh4 14.
Qg4 g6 15. f4 exf4 16. Rxf4 Bg5 17. Rf2 Ne5 18. Qh3 h5 19. Ne2 O-O 20. Nf4 Ng4 21.
Re2 Qf6 22. Nd3 Rae8 23. Bxg5 Qxg5 24. Rf1 Re7 25. Rfe1 Rfe8 26. Qf3 Qh4 27. h3 Ne5 28. Nxe5 Rxe5 29. Kh2 Qe7 30. Qf4 Kh7 31. c4 f5 32.
h4 fxe4 33. Re3 Rf8 34. Qg3 b5 35. b3 Rff5 36. a4 bxc4 37. bxc4 Qe8 38. R1e2 Rf1 39. Re1 Rxe1 40. Qxe1 Qe7 41. a5 Qe8 42. Qg3 c6 43. Qf4 cxd5 44. cxd5 Qe7 45. g3 Rf5 46. Qxe4 Qxe4 47. Rxe4 Rxd5 48. Ra4 Kg7 49. Kg2 Kf6 50. Kf3 Rd3+ 51. Kf4 Ke6 52. Ra1 Rd4+ 53. Ke3 Rg4 54. Kf3 Rc4 55. Ra2 d5 56. Rb2 Ke5 57. Rb6 Rc3+ 58.
Kf2 Ke4 59. Rxa6 Rc2+ 60. Ke1 d4 61. Re6+ Kd3 62. a6 Ra2 63. Rxg6 Ra1+ 64. Kf2 Kc2 65. Rc6+ Kb3 66. Kf3 d3 67. Rd6 Kc2 68. g4 d2 69.
Rxd2+ Kxd2 70. gxh5 Rxa6 71. Kg4 Ke3 72. Kg5 Ke4 73. h6 Ke5 74. h7 Ra8 75. Kg6 Ke6 76. Kg7 Ra7+ 77. Kg6 Ra8 78. Kg7 Ra7+ 79. Kg6 Ra8 1/2-1/2

[Event "Early-Titled-Tuesday-Blitz-October-17-2023"]
[Site "Chess.com"]
[Date "2023.10.17"]
[Round "1"]
[White "alsdesdentao"]
[Black "Byniolus"]
[Result "1/2-1/2"]
[WhiteElo "2490"]
[BlackElo "2799"]
[TimeControl "180+1"]
[EndTime "8:09:09 PDT"]
[Termination "Game drawn by repetition"]

1. b3 d5 2. Bb2 Nf6 3. Nf3 Bf5 4. g3 e6 5. Bg2 h6 6. O-O Be7 7. d3 O-O 8. c4 c6 9. Nc3 Nbd7 10. Qe1 Bh7 11. e4 Nc5 12. Rd1 a5 13. Ne5 dxe4 14. Nxe4 Nfxe4 15. dxe4 Qc7 16. Qe3 Rfd8 17. Ng4 f6 18. e5 f5 19. Nxh6+ gxh6 20. Qxh6 Rxd1 21. Rxd1 Bf8 22. Qg5+ Qg7 23. Qe3 f4 24. gxf4 Be4 25. Qg3 Bf5 26. Rd4 Qxg3 27. hxg3 Nd3 28. Bc3 Bc5 29. Rd7 Nxf2 30. Be1 Nd3+ 31. Kf1 Nxe1 32.
Kxe1 Rb8 33. Bf3 Bb1 34. a3 Bxa3 35. g4 Bc2 36. Kf2 Bxb3 37. f5 exf5 38. gxf5 Bxc4 39.
f6 Be6 40. Rg7+ Kf8 41. Bh5 b5 42. Rh7 Bg8 43. Rh8 a4 44. f7 Kg7 45. Rxg8+ Rxg8 46. fxg8=Q+ Kxg8 47. Be8 Bc5+ 48. Ke2 b4 49. Bxc6 a3 50.
Bd5+ Kf8 51. Kd3 Ke7 52. Ke4 Kd8 53. Ba2 Be7 54. Kd5 Kc7 55. Ke6 Bc5 56. Kd5 Bf8 57. Bb3 Kb6 58. Ba2 Kb5 59. Bb3 Ka5 60. Kc6 Bg7 61.
e6 Bf6 62. Kc5 Be7+ 63. Kc6 Ka6 64. Ba2 Ka7 65. Bb3 Kb8 66. Ba2 Kc8 67. Bb3 Kd8 68. Ba2 Ke8 69. Kd5 Kf8 70. Ke5 Kg7 71. Kf5 Bd6 72. Bb3 Kf8 73. Kf6 Be7+ 74. Kf5 Ke8 75. Ke5 Kf8 76. Kf5 Bd6 77. Kf6 Ke8 78.
Kf5 Ke7 79. Ke4 Kf6 80. Kd5 Bf8 81. Ke4 Kg5 82. Ba2 Kg4 83. Bb3 Kg3 84. Ke3 Bc5+ 85.
Ke2 Kf4 86. Kd3 Ke5 87. Kd2 Be7 88. Kc2 Kd4 89. Ba2 Kc5 90. Bb3 Kb5 91. Kd3 Kc5 92. Ke4 Kd6 93. Kd4 Bf8 94. Kd3 Kc7 95. Kd4 Be7 96. Kd5 Kb6 97. Kc4 Ka5 98. Kd5 a2 99. Bxa2 Kb6 100. Kc4 Kc7 101. Bb3 Kd6 102. Kd3 Bf6 103. Kc2 Be7 104. Kb1 Bf6 105. Ka2 Be7 106. Kb1 Bf6 107.
Ka2 Be7 108. Kb1 1/2-1/2

[Event "Early-Titled-Tuesday-Blitz-October-17-2023"]
[Site "Chess.com"]
[Date "2023.10.17"]
[Round "1"]
[White "PeshkaCh"]
[Black "BasilSmash"]
[Result "1-0"]
[WhiteElo "2815"]
[BlackElo "2452"]
[TimeControl "180+1"]
[EndTime "8:09:16 PDT"]
[Termination "PeshkaCh won on time"]

1. Nf3 d5 2. d4 Nf6 3. c4 e6 4.
Nc3 Be7 5. Bg5 Nbd7 6. cxd5 exd5 7. e3 O-O 8. Bd3 c6 9. Qc2 h6 10. Bh4 Re8 11. O-O Ne4 12. Bxe7 Qxe7 13. Bxe4 dxe4 14. Nd2 Nf6 15. a3 Bf5 16. b4 a6 17. Nc4 Ng4 18. h3 Nf6 19. Ne2 Nd5 20. Ng3 Bg6 21. Rac1 h5 22. Ne5 h4 23. Nxg6 fxg6 24. Ne2 g5 25.
Nc3 Rad8 26. Qe2 Qe6 27. Nxd5 Rxd5 28. Rc5 Rf8 29. Rfc1 Rff5 30. Qg4 Kf7 31. a4 Rxc5 32. bxc5 Rd5 33. Qh5+ Kf6 34. Rb1 Rd7 35. Qe2 Kg6 36. Rb6 Qf7 37. Qc2 Qf5 38. Qb1 Rf7 39. Qb2 Qd7 40. Qb3 Kh7 41. Qc2 Qf5 42. Qb2 Qd7 43. Qe2 Qf5 44. Rb2 Kh6 45. Qc4 Kg6 46. Qe2 Kh6 47.
Rd2 Kg6 48. Qd1 Rd7 49. Kh2 Kh6 50. Qb3 Rf7 51. Kg1 Rd7 52. Qg8 Rf7 53. Qh8+ Kg6 54. Qe8 g4 55. hxg4 Qxg4 56. Qe5 h3 57. Qh2 hxg2 58.
Qxg2 Qxg2+ 59. Kxg2 Kf5 60. d5 cxd5 61. Rxd5+ Ke6 62.
Rd6+ Ke5 63. Rb6 Rc7 64. c6 bxc6 65. Rxa6 c5 66. Kf1 c4 67. Ke2 c3 68. Kd1 Rf7 69. Rg6 Kd5 70. Kc2 Kc4 71. Rc6+ Kb4 72. Rb6+ Kc5 73.
Rg6 Kc4 74. Rc6+ Kb4 75. Rb6+ Kc5 76. Re6 Kc4 77. Rxe4+ Kd5 78. Rf4 Re7 79. Kxc3 Rc7+ 80. Kd3 Ra7 81. Rd4+ Ke5 82. f4+ Kf5 83. Rd5+ Ke6 84.
Re5+ Kd6 85. a5 Rb7 86. Ke4 Rb3 87. Kf5 Ra3 88. Kg6 1-0

[Event "Early-Titled-Tuesday-Blitz-October-17-2023"]
[Site "Chess.com"]
[Date "2023.10.17"]
[Round "1"]
[White "slorovel"]
[Black "RobertoJBM"]
[Result "0-1"]
[WhiteElo "2463"]
[BlackElo "2807"]
[TimeControl "180+1"]
[EndTime "8:09:53 PDT"]
[Termination "RobertoJBM won by resignation"]

1. e4 c6 2. Nc3 d5 3. d4 dxe4 4. Nxe4 Nd7 5. Nf3 Ngf6 6. Nxf6+ Nxf6 7. Bd3 Bg4 8. c3 Qd5 9. Be2 e6 10. O-O Be7 11. h3 Bh5 12. Ne5 Bxe2 13. Qxe2 O-O 14.
Be3 a5 15. a4 b5 16. Bg5 Rfb8 17. axb5 cxb5 18. Rfd1 h6 19. Bh4 Rb7 20. c4 bxc4 21. Nxc4 a4 22. Bg3 Qb5 23. Qd3 Nd5 24. Be5 Qb3 25.
Qe2 Bf8 26. Rac1 Qb5 27. Qg4 Rd8 28. Nd6 Rxd6 29. Rc8 f5 30. Rxf8+ Kxf8 31. Bxd6+ Kg8 32. Qg6 Qd7 33. Be5 Qf7 34. Qxf7+ Kxf7 35. Ra1 Rb4 36. Kf1 Rc4 37. Ra2 Nf6 38. f3 Nd7 39. Ke2 Nxe5 40. dxe5 Rb4 41. Kd3 Rb5 42. Rxa4 Rxb2 43. Rd4 Rxg2 44.
Rd7+ Ke8 45. Ra7 g5 46. Ke3 Rb2 47. Rh7 Rb5 48. Kf2 Rxe5 49. Rxh6 Kf7 50. Rh7+ Kg6 51. Ra7 Rd5 52. Ra2 Kh5 53. Re2 e5 54. Kg3 Kg6 55.
Kg2 Kf6 56. Ra2 Rd6 57. Ra8 Rd2+ 58. Kg1 Ke6 59. Ra5 f4 60. Rb5 Kf5 61. Ra5 Re2 62. Rb5 Ra2 63. Rc5 Rd2 64. Rb5 Ke6 65.
Ra5 Rd3 66. Kg2 Rd6 67. Kg1 Rd5 68. Ra6+ Kf5 69. Ra4 Rd4 70. Ra5 Kf6 71. Ra6+ Kg7 72. Ra5 Rd1+ 73. Kg2 Kf6 74. Ra6+ Kf5 75. Ra5 Rd8 76.
Rb5 Re8 77. Ra5 Kf6 78. Ra6+ Re6 79. Ra5 Kg6 80. Kf2 Kh5 81. Kg2 Kh4 82. Ra8 Kh5 83.
Rh8+ Kg6 84. Rg8+ Kf6 85. Ra8 e4 86. fxe4 Rxe4 87. Ra6+ Re6 88. Ra5 Re3 89. Ra6+ Kf5 90. Ra5+ Kg6 91. Ra6+ Kh5 92. Ra8 Re2+ 93. Kf3 Rc2 94. Rh8+ Kg6 95. Rg8+ Kf6 96. Ra8 Rh2 97. Ra6+ Kf5 98. Ra5+ Kg6 99. Ra6+ Kh5 100. Ra8 Rxh3+ 101. Kg2 Kg4 102. Ra4 Re3 103. Kf2 Rd3 104. Ke2 Rf3 105. Ra5 Rh3 106. Kf2 Rh2+ 107. Kg1 Rc2 108. Ra3 Kh4 0-1

[Event "Early-Titled-Tuesday-Blitz-October-17-2023"]
[Site "Chess.com"]
[Date "2023.10.17"]
[Round "1"]
[White "SaqoChess_Twitch"]
[Black "Me_ch_an"]
[Result "1/2-1/2"]
[WhiteElo "2627"]
[BlackElo "2346"]
[TimeControl "180+1"]
[EndTime "8:11:36 PDT"]
[Termination "Game drawn by 50-move rule"]

1. d4 d5 2. c4 dxc4 3. e4 e5 4. Nf3 exd4 5. Bxc4 Bb4+ 6. Nbd2 Qf6 7. O-O Ne7 8. e5 Qg6 9. Nxd4 O-O 10. e6 fxe6 11. Qb3 Bxd2 12. Nxe6 Bxe6 13. Bxe6+ Kh8 14.
Bxd2 Nbc6 15. Bh3 Nd4 16. Qe3 Nf3+ 17. Kh1 Nd5 18. Qe2 Rae8 19. Qd1 Nxd2 20. Qxd2 Nf4 21.
Qc3 c6 22. Rae1 h6 23. Qg3 Rxe1 24. Rxe1 Qxg3 25. fxg3 Nd3 26. Rb1 Nxb2 27. Be6 Rf2 28. h4 b6 29. h5 Re2 30. Bb3 c5 31. Bd5 Rd2 32. Be6 c4 33. Rf1 Rd8 34. Rf7 c3 35. Rc7 Na4 36. Rc4 b5 37. Rc7 b4 38.
Bb3 Nb6 39. g4 a5 40. Rc5 a4 41. Bc2 Rc8 42. Rb5 b3 43. axb3 axb3 44. Rxb3 Nd5 45. Bf5 Rd8 46. Ra3 Ne3 47. Rxc3 Nxf5 48. gxf5 Rd5 49.
Rf3 Kg8 50. Kh2 Kf7 51. Kh3 Kf6 52. Kg4 Rd4+ 53. Rf4 Rd2 54. g3 Rd5 55. Rf3 Rd4+ 56. Rf4 Rd5 57. Ra4 Rd6 58. Kf4 Rb6 59. Re4 Ra6 60.
g4 Rb6 61. Rd4 Rc6 62. Rb4 Ra6 63. Re4 Rb6 64. Re8 Rb4+ 65. Kg3 Rb3+ 66. Kh4 Rb4 67.
Re6+ Kf7 68. Rg6 Ra4 69. f6 gxf6 70. Kg3 Ra3+ 71. Kf4 Ra4+ 72. Kf5 Ra5+ 73. Ke4 Ra4+ 74. Kf3 Ra3+ 75. Kg2 Ra2+ 76. Kg3 Ra3+ 77. Kh4 Ra4 78. Rxh6 f5 79. Kg5 Rxg4+ 80. Kxf5 Rg1 81. Rh7+ Kg8 82. Ra7 Kh8 83. Rb7 Kg8 84. Rc7 Kh8 85. Rd7 Kg8 86. Rd6 Kh8 87. Rc6 Kg8 88. Rb6 Kh8 89. Kf6 Kh7 90. Rb8 Rf1+ 91. Kg5 Rg1+ 92. Kf4 Kh6 93. Kf5 Rf1+ 94. Kg4 Rg1+ 95. Kf5 Rg5+ 96. Kf6 Kxh5 97.
Rh8+ Kg4 98. Rh1 Rf5+ 99. Kg6 Ra5 100. Rg1+ Kf3 101. Rb1 Ke2 102. Rb3 Kd2 103. Kf6 Kc2 104. Rh3 Ra6+ 105. Ke5 Ra5+ 106. Kd4 Ra8 107. Rh2+ Kb3 108. Rh3+ Kb4 109. Rh4 Rd8+ 110. Ke5+ Kc5 111. Ke6 Re8+ 112. Kd7 Re1 113. Rh5+ Kd4 114. Kd6 Kc4 115. Rh4+ Kd3 116. Kd5 Ke3 117. Re4+ Kf2 118. Rf4+ Ke3 119. Ke5 Kd3+ 120. Kd5 Ke3 121. Ra4 Rd1+ 122. Ke5 Rb1 123. Ra3+ Kd2 124. Ke4 Rb4+ 125. Kf3 Rb8 126. Ra2+ Kd3 127. Ra1 Rf8+ 128. Kg4 Rg8+ 129. Kf5 Rf8+ 130. Ke6 Re8+ 131. Kd7 Re3 132. Ra3+ Ke4 133. Ra6 Kf3 134. Rh6 Ke2 135. Rh1 Kd3 136. Kd6 Ke4 137. Kc5 Kf3 138. Kd4 Re4+ 139. Kd3 Re3+ 140. Kd2 Re2+ 141. Kd1 Re8 142. Rf1+ Kg2 143. Rf7 Rd8+ 144. Ke2 Re8+ 145. Kd3 Rd8+ 146. Ke3 Re8+ 1/2-1/2

[Event "Early-Titled-Tuesday-Blitz-October-17-2023"]
[Site "Chess.com"]
[Date "2023.10.17"]
[Round "2"]
[White "ploxoi"]
[Black "Kirill_Klukin"]
[Result "0-1"]
[WhiteElo "2469"]
[BlackElo "2676"]
[TimeControl "180+1"]
[EndTime "8:13:06 PDT"]
[Termination "Kirill_Klukin won by resignation"]

1. d4 Nf6 2. c4 Nc6 3. Nf3 e6 4. Nc3 Bb4 5. Qd3 O-O 6. g3 d6 7.
Bg2 e5 8. d5 e4 9. Qc2 exf3 10.
Bxf3 Nd4 11. Bg2 Nxc2+ 0-1

[Event "Early-Titled-Tuesday-Blitz-October-17-2023"]
[Site "Chess.com"]
[Date "2023.10.17"]
[Round "2"]
[White "SAInt_666"]
[Black "Ginzburg_Yakov"]
[Result "1-0"]
[WhiteElo "2771"]
[BlackElo "2549"]
[TimeControl "180+1"]
[EndTime "8:13:31 PDT"]
[Termination "SAInt_666 won by resignation"]

1. e4 c5 2. Nf3 e6 3. c3 d5 4. e5 d4 5. b4 b6 6. bxc5 Bxc5 7. cxd4 Bxd4 8. Qa4+ Nc6 9. Nxd4 Qxd4 10. Qxc6+ Ke7 1-0

[Event "Early-Titled-Tuesday-Blitz-October-17-2023"]
[Site "Chess.com"]
[Date "2023.10.17"]
[Round "2"]
[White "KononenkoD"]
[Black "BelaKis"]
[Result "1-0"]
[WhiteElo "2637"]
[BlackElo "2177"]
[TimeControl "180+1"]
[EndTime "8:14:26 PDT"]
[Termination "KononenkoD won by resignation"]

1. e4 g6 2. d4 Bg7 3. Nc3 c5 4. Nf3 cxd4 5. Nxd4 d6 6. Be3 Nf6 7. f3 O-O 8. Qd2 Nc6 9. Bc4 Bd7 10. O-O-O Ne5 11.
Bb3 Rb8 12. h4 b5 13. h5 Nc4 14. Qe2 Nxe3 15. Qxe3 a5 16. hxg6 hxg6 17. a4 bxa4 18. Nxa4 Qb6 19. Nxb6 1-0

[Event "Early-Titled-Tuesday-Blitz-October-17-2023"]
[Site "Chess.com"]
[Date "2023.10.17"]
[Round "2"]
[White "NM_Antelacus"]
[Black "Casper"]
[Result "1-0"]
[WhiteElo "2098"]
[BlackElo "2408"]
[TimeControl "180+1"]
[EndTime "8:14:35 PDT"]
[Termination "NM_Antelacus won by resignation"]

1. e4 c5 2. Nf3 d6 3. d4 Nf6 4. Nc3 cxd4 5. Nxd4 Nc6 6. Bg5 Bd7 7. Qd2 Rc8 8.
O-O-O Nxd4 9. Qxd4 Qa5 10. f4 Rxc3 11. Qxc3 Qxc3 12. bxc3 Nxe4 13. Bh4 g6 14. Bc4 Nxc3 15. Rde1 e6 16. Bf6 1-0

[Event "Early-Titled-Tuesday-Blitz-October-17-2023"]
[Site "Chess.com"]
[Date "2023.10.17"]
[Round "2"]
[White "ellatambien"]
[Black "Baku_Boulevard"]
[Result "0-1"]
[WhiteElo "2620"]
[BlackElo "3015"]
[TimeControl "180+1"]
[EndTime "8:14:55 PDT"]
[Termination "Baku_Boulevard won by resignation"]

1. c4 Nf6 2. Nc3 g6 3. e4 e5 4. Nf3 Bg7 5. d4 exd4 6. Nxd4 O-O 7. Be2 Re8 8. f3 c6 9. Nc2 d5 10. cxd5 cxd5 11. exd5 Bf5 12. Ne3 Bd7 13. O-O Qb6 14. Qb3 Nh5 15. Qxb6 axb6 16. Nc4 Bxc3 17. bxc3 Rxe2 18.
Nxb6 Ra6 19. Nxd7 Nxd7 20. a4 Nhf6 21. c4 Rc2 0-1

[Event "Early-Titled-Tuesday-Blitz-October-17-2023"]
[Site "Chess.com"]
[Date "2023.10.17"]
[Round "2"]
[White "Hovik_Hayrapetyan"]
[Black "ProfessorChess101"]
[Result "1-0"]
[WhiteElo "2782"]
[BlackElo "2552"]
[TimeControl "180+1"]
[EndTime "8:14:55 PDT"]
[Termination "Hovik_Hayrapetyan won by resignation"]

1. d4 d5 2. c4 c6 3. Nf3 Nf6 4. Nc3 e6 5. e3 Nbd7 6. Bd3 dxc4 7. Bxc4 Bd6 8. e4 e5 9. dxe5 Bxe5 10. Nxe5 Nxe5 11.
Qxd8+ Kxd8 12. Be2 Re8 13. f4 Ned7 14. e5 Ng8 15. Ne4 f6 16. Nd6 Re7 17. Nf5 fxe5 18.
Nxe7 Nxe7 19. fxe5 Nxe5 20. Bf4 N7g6 21. O-O-O+ Kc7 22.
Bg3 Bd7 23. Bh5 Re8 24. Bxg6 1-0

[Event "Early-Titled-Tuesday-Blitz-October-17-2023"]
[Site "Chess.com"]
[Date "2023.10.17"]
[Round "2"]
[White "JimDiGrease"]
[Black "temiksmozg"]
[Result "1-0"]
[WhiteElo "2889"]
[BlackElo "2603"]
[TimeControl "180+1"]
[EndTime "8:15:00 PDT"]
[Termination "JimDiGrease won by checkmate"]

1. d4 Nf6 2. c4 e6 3. Bf4 d5 4. Nc3 c6 5. e3 Bd6 6. Bg3 O-O 7.
Nf3 dxc4 8. Bxc4 b5 9. Bd3 Bb7 10. a4 a6 11. O-O Bxg3 12. hxg3 Nbd7 13. Rc1 h6 14. Ne4 Nxe4 15. Bxe4 Nf6 16. Bxc6 Bxc6 17.
Rxc6 Qd5 18. Qc2 bxa4 19. Qxa4 Rab8 20. Rc2 Rb6 21. Rfc1 Ne4 22. Ne5 Rfb8 23. Rc8+ Kh7 24. Qe8 Rxc8 25. Rxc8 h5 26. Qh8# 1-0

[Event "Early-Titled-Tuesday-Blitz-October-17-2023"]
[Site "Chess.com"]
[Date "2023.10.17"]
[Round "2"]
[White "GlavkonVVS"]
[Black "DopplerCharlotteDeWitte"]
[Result "1-0"]
[WhiteElo "2581"]
[BlackElo "2794"]
[TimeControl "180+1"]
[EndTime "8:15:10 PDT"]
[Termination "GlavkonVVS won by resignation"]

1. c4 e6 2. Nc3 d5 3. d4 Nf6 4. Nf3 Bb4 5. Bg5 h6 6. Bh4 g5 7. Bg3 Ne4 8. Qc2 h5 9. e3 h4 10. Be5 f6 11. Bd3 fxe5 12. Bxe4 dxe4 13. Qxe4 Bxc3+ 14. bxc3 exd4 15. Qg6+ Kf8 16. Nxg5 Qe7 17. O-O-O Nc6 18.
exd4 Rg8 19. Nh7+ 1-0

[Event "Early-Titled-Tuesday-Blitz-October-17-2023"]
[Site "Chess.com"]
[Date "2023.10.17"]
[Round "2"]
[White "Sofia_Blokhin"]
[Black "Mr_Lion22"]
[Result "0-1"]
[WhiteElo "2304"]
[BlackElo "2520"]
[TimeControl "180+1"]
[EndTime "8:15:11 PDT"]
[Termination "Mr_Lion22 won by resignation"]

1. d4 Nf6 2. c4 g6 3. Nc3 Bg7 4.
e4 d6 5. f3 O-O 6. Be3 e5 7. d5 c6 8. Bd3 cxd5 9. cxd5 a6 10.
Nge2 b5 11. a4 b4 12. Na2 a5 13. O-O Ba6 14. Nac1 Nfd7 15. b3 f5 16. exf5 gxf5 17. Rb1 Bxd3 18. Nxd3 Na6 19. Nb2 Nac5 20. Nc4 Qe7 21.
f4 Rae8 22. fxe5 Nxe5 23. Nxa5 Ng4 24. Bxc5 dxc5 25. Re1 Qe3+ 26. Kh1 Nf2+ 0-1

[Event "Early-Titled-Tuesday-Blitz-October-17-2023"]
[Site "Chess.com"]
[Date "2023.10.17"]
[Round "2"]
[White "tomesao"]
[Black "midedu"]
[Result "0-1"]
[WhiteElo "2406"]
[BlackElo "2002"]
[TimeControl "180+1"]
[EndTime "8:15:21 PDT"]
[Termination "midedu won by resignation"]

1. e4 c5 2. Nf3 Nc6 3. d4 cxd4 4. Nxd4 Nf6 5. Nc3 Qb6 6. Ndb5 a6 7. Be3 Qa5 8. Na3 Nxe4 9. Nc4 Nxc3 10. Qd3 Ne5 11. Nxa5 Nxd3+ 12. Bxd3 Nd5 13. Bd4 e6 14. Be4 Bb4+ 15.
c3 Bxa5 16. Bxd5 exd5 17. Bxg7 Rg8 18. Bf6 d6 19. Kd2 Rxg2 0-1

[Event "Early-Titled-Tuesday-Blitz-October-17-2023"]
[Site "Chess.com"]
[Date "2023.10.17"]
[Round "2"]
[White "Djager97"]
[Black "VincentKeymer"]
[Result "0-1"]
[WhiteElo "2626"]
[BlackElo "3091"]
[TimeControl "180+1"]
[EndTime "8:15:24 PDT"]
[Termination "VincentKeymer won by resignation"]

1. e4 c6 2. d4 d5 3. exd5 cxd5 4. Bd3 Nf6 5. h3 Nc6 6. c3 e5 7. dxe5 Nxe5 8. Nf3 Nxd3+ 9. Qxd3 Bd6 10. O-O O-O 11. Bg5 h6 12. Bh4 Bf4 13. Nbd2 Qb6 14. Nb3 g5 15. g3 Bc7 16. Nxg5 hxg5 17. Bxg5 Bxh3 18. Rfe1 Ne4 19. Be3 Qg6 20. Bd4 Rfe8 21. Re3 Ng5 22.
Nd2 Qxd3 23. Rxd3 Bf5 0-1

[Event "Early-Titled-Tuesday-Blitz-October-17-2023"]
[Site "Chess.com"]
[Date "2023.10.17"]
[Round "2"]
[White "garicradomir"]
[Black "surrenderPLS"]
[Result "0-1"]
[WhiteElo "2289"]
[BlackElo "2515"]
[TimeControl "180+1"]
[EndTime "8:15:24 PDT"]
[Termination "surrenderPLS won by resignation"]

1. e4 c5 2. Nf3 Nc6 3. Bb5 e5 4. O-O Bd6 5. c3 a6 6. Ba4 b5 7. Bc2 Nge7 8. d3 O-O 9. Re1 Rb8 10. Nbd2 Bc7 11. Nf1 d6 12. Ng3 Be6 13. h3 h6 14.
a4 b4 15. c4 f5 16. b3 f4 17. Nf1 g5 18. Qd2 Qd7 19. N3h2 Nd4 20. Bd1 Rf7 21.
Bh5 Nxb3 22. Qb2 Nxa1 23. Qxa1 Rf6 24. Nd2 Nc6 25. Ndf3 Nd4 26. Nxd4 cxd4 27. Bg4 b3 28. Bb2 Ba5 29. Rc1 Bc3 30. Qa3 Bxb2 31. Qxb2 Qxa4 32. Ra1 Qb4 33. Bxe6+ Rxe6 34. Rxa6 Qc3 35. Qa3 b2 0-1